 Dungeon Crawl Stone Soup version 0.32-a0-699-g1ee5eff69a (webtiles) character file.

Game seed: 1977074756346472021

4730 cojito the Cleaver (level 10, 0/91 HPs)
             Began as a Mountain Dwarf Monk on Mar 14, 2024.
             Slain by a troll (1 damage)
             ... on level 9 of the Dungeon.
             The game lasted 00:11:23 (7952 turns).

cojito the Cleaver (Mountain Dwarf Monk)            Turns: 7952, Time: 00:11:24

Health: 0/91       AC: 15    Str: 17    XL:     10   Next: 22%
Magic:  10/10      EV:  5    Int: 18    God:
Gold:   269        SH:  0    Dex: 12    Spells: 9/9 levels left

rFire   . . .        A - +4 broad axe (elec)
rCold   . . .        d - orb {light}
rNeg    . . .        I - +0 plate armour
rPois   +            x - +0 helmet
rElec   .            (no cloak)
rCorr   .            (no gloves)
SInv    .            (no boots)
Will    +....        (no amulet) Stlth
                     o - ring of poison resistance
HPRegen 0.35/turn    H - +6 ring of intelligence
MPRegen 0.12/turn

%: no passive effects
@: about to teleport, glowing
A: runic magic, artefact enchanting
a: no special abilities


You were on level 9 of the Dungeon.
You visited 2 branches of the dungeon, and saw 10 of its levels.
You also visited: Sewer.

You collected 437 gold pieces.
You spent 168 gold pieces at shops.

Inventory:

Hand Weapons
 a - a +1 hand axe of protection
 A - a +4 broad axe of electrocution (weapon)
 C - a +2 flail of protection
 J - a +2 scimitar of flaming
Missiles
 b - 15 boomerangs (quivered)
 g - 6 atropa-tipped darts
Armour
 d - an orb of light (worn)
 x - a +0 helmet (worn)
 D - a +0 tower shield
 G - a +0 troll leather armour
 I - a +0 plate armour (worn)
Jewellery
 o - a ring of poison resistance (left hand)
 H - a +6 ring of intelligence (right hand)
Wands
 z - a wand of roots (2)
 E - a wand of polymorph (13)
 K - a wand of flame (5)
Scrolls
 e - a scroll of torment {unknown}
 f - 2 scrolls of teleportation
 h - a scroll of brand weapon
 j - a scroll of fog
 p - a scroll of amnesia {unknown}
 q - 2 scrolls of noise {unknown}
 r - a scroll of acquirement {unknown}
 u - 2 scrolls of fear {unknown}
 w - a scroll of blinking {unknown}
 y - 3 scrolls of enchant armour {unknown}
 B - 2 scrolls of vulnerability {unknown}
 F - a scroll of revelation {unknown}
Potions
 c - a potion of ambrosia
 i - 2 potions of might {unknown}
 k - a potion of cancellation {unknown}
 l - 4 potions of enlightenment {unknown}
 m - a potion of curing
 n - a potion of resistance {unknown}
 s - 3 potions of haste
 t - a potion of attraction
 v - 2 potions of mutation


   Skills:
 + Level 9.2 Fighting
 + Level 10.0 Axes
 + Level 8.3 Armour
 - Level 2.1 Dodging
 * Level 7.4 Shields


You had 9 spell levels left.
You didn't know any spells.
Your spell library contained the following spells:

 Spells                   Type           Power      Damage    Failure   Level
 Foxfire                  Conj/Fire      0%         2x1d4     45%         1
 Lesser Beckoning         Tloc           0%         N/A       61%         2
 Gell's Gravitas          Tloc           0%         N/A       83%         3
 Inner Flame              Hex/Fire       0%         N/A       83%         3
 Teleport Other           Tloc           0%         N/A       83%         3
 Ignite Poison            Fire/Alch      0%         N/A       99%         4
 Sticky Flame             Fire/Alch      0%         2d4       99%         4
 Irradiate                Conj/Alch      0%         3d11      100%        5
 Plasma Beam              Fire/Air       0%         2x1d10    100%        6
 Starburst                Conj/Fire      0%         6d3       100%        6
 Ignition                 Fire           0%         3d3       100%        8


Dungeon Overview and Level Annotations

Branches:
Dungeon (9/15)             Temple (1/1) D:5            Lair (0/5) D:9
    Orc (0/2) D:9           Sewer (visited)

Altars:
Ashenzari
Cheibriados
Dithmenos
Elyvilon
Fedhas
Gozag
Hepliaklqana
Kikubaaqudgha
Makhleb
Nemelex Xobeh
Okawaru
Qazlal
Sif Muna
Trog
Uskayaw
Vehumet
Wu Jian
Xom
Zin
The Shining One

Shops:
D:2 (   D:6 *

Annotations:
D:2 1 runed translucent door, Crazy Yiuf


Innate Abilities, Weirdness & Mutations

Your spellcasting is much less encumbered by armour.
You can use scrolls of enchantment on lesser artefacts.


Message History

The killer bee stings you but does no damage.
You slice the wolf!!
The wolf is almost dead.
You hit the troll but do no damage. You hit the wolf but do no damage.
Lightning courses through the wolf!!
You kill the wolf!
You slash the killer bee!
You feel sick. The killer bee closely misses you.
The wolf bites you but does no damage. The killer bee stings you.
The killer bee barely misses you. The troll bites you.
* * * LOW HITPOINT WARNING * * *
The troll claws you but does no damage. x2
Your Axes skill increases to level 10!
Okay, then.
As you read the scroll of teleportation, it crumbles to dust.
You feel strangely unstable.
You feel sick.
The killer bee stings you but does no damage.
The killer bee stings you.
* * * LOW HITPOINT WARNING * * *
The wolf bites you but does no damage. The killer bee stings you.
* * * LOW HITPOINT WARNING * * *
You are more poisoned.
The killer bee poisons you! The killer bee barely misses you.
The wolf bites you but does no damage. The troll bites you!
* * * LOW HITPOINT WARNING * * *
The troll claws you.
* * * LOW HITPOINT WARNING * * *
The troll claws you but does no damage. The wolf bites you.
* * * LOW HITPOINT WARNING * * *
You feel better. The killer bee stings you.
* * * LOW HITPOINT WARNING * * *
The killer bee barely misses you.
The wolf splashes around in the water.
The wolf bites you.
* * * LOW HITPOINT WARNING * * *
The killer bee stings you but does no damage.
The killer bee completely misses you. The troll bites you.
* * * LOW HITPOINT WARNING * * *
The troll claws you!
* * * LOW HITPOINT WARNING * * *
The troll claws you.
You die...

#..PPPP...PPPP...#.#.
#..P..P...P..P.. ##.#
#..P.♣P...P.PP. ##...
#...PPP...PPP. #....
#............ #....
##.......... #....
#####.......... #....
≈≈≈≈~(......... #....
≈≈≈≈≈yh@Th~....
......
≈≈≈≈≈≈yhy.~.≈..
#.....
≈≈≈≈≈≈≈hh~..... .....
≈≈≈≈≈~~h~~~≈... .....
.≈~.~..~~≈≈≈~.. ....
~!....≈~~~~~~.. ...
..>............ ..
~...~~~~~≈~~...


You could see a troll, 2 wolves, 4 hounds and 3 killer bees.

Vanquished Creatures
  A two-headed ogre (D:9)
  An efreet (D:8)
  A troll (D:8)
  A hornet (D:8)
  A vampire (D:8)
  4 yaks
  2 steam dragons
  A water moccasin (D:9)
  An orc warrior (D:8)
  Pargi (Sewer)
  2 sky beasts
  A wolf (D:9)
  A centaur (D:8)
  2 phantoms (D:5)
  A kobold brigand (D:9)
  Blork the orc (D:5)
  2 bullfrogs
  2 scorpions
  6 killer bees (D:9)
  A howler monkey (D:6)
  2 electric eels (D:9)
  A bombardier beetle (D:4)
  A jelly (D:4)
  4 hounds
  3 orc priests
  A gnoll bouda (D:8)
  6 iguanas
  4 sleepcaps
  8 orc wizards
  3 gnolls (D:8)
  4 adders
  4 ufetubi
  3 ribbon worms
  35 orcs
  16 ball pythons
  A bat (D:1)
  6 endoplasms
  6 giant cockroaches
  5 goblins
  9 hobgoblins
  7 jackals
  7 kobolds
  3 quokkas
  6 frilled lizards
  12 rats
190 creatures vanquished.

Vanquished Creatures (others)
  An orc (D:6)
1 creature vanquished.

Grand Total: 191 creatures vanquished

Notes
Turn   | Place    | Note
-------+----------+-------------------------------------------
     0 | D:1      | cojito the Mountain Dwarf Monk began the quest for the Orb.
     0 | D:1      | Reached XP level 1. HP: 19/19 MP: 1/1
    88 | D:1      | Reached skill level 1 in Armour
    88 | D:1      | Reached XP level 2. HP: 23/26 MP: 2/2
   137 | D:1      | Reached skill level 4 in Axes
   264 | D:1      | Reached XP level 3. HP: 33/33 MP: 3/3
   696 | D:2      | Found a runed translucent door.
   697 | D:2      | Noticed Crazy Yiuf
   931 | D:2      | Reached XP level 4. HP: 40/40 MP: 4/4
   982 | D:2      | Found a faded altar of an unknown god.
  1140 | D:2      | Found Fet Nott's Antique Weapon Boutique.
  1457 | D:3      | Found a blossoming altar of Fedhas.
  1878 | D:3      | Identified the +0 war axe "Sududec" {drain, Int+7}
  2331 | D:4      | Found a glowing drain.
  2356 | Sewer    | Entered a sewer
  2385 | Sewer    | Noticed Pargi
  2405 | Sewer    | Killed Pargi
  2406 | Sewer    | Reached skill level 5 in Axes
  2406 | Sewer    | Reached XP level 5. HP: 28/47 MP: 5/5
  2545 | D:4      | Reached skill level 5 in Fighting
  2545 | D:4      | Reached XP level 6. HP: 56/56 MP: 6/6
  3035 | D:5      | Entered Level 5 of the Dungeon
  3054 | D:5      | Reached skill level 6 in Axes
  3214 | D:5      | Reached XP level 7. HP: 60/62 MP: 7/7
  3231 | D:5      | Found a radiant altar of Vehumet.
  3232 | D:5      | Found a hide-covered altar of Uskayaw.
  3237 | D:5      | Found a shimmering altar of Xom.
  3237 | D:5      | Found a snail-covered altar of Cheibriados.
  3239 | D:5      | Found a glowing golden altar of the Shining One.
  3239 | D:5      | Found a hazy altar of Hepliaklqana.
  3239 | D:5      | Found a broken altar of Ashenzari.
  3240 | D:5      | Found a shimmering blue altar of Sif Muna.
  3346 | D:5      | Noticed Blork the orc
  3354 | D:5      | Killed Blork the orc
  3469 | D:5      | Reached skill level 5 in Armour
  3727 | D:5      | Found a staircase to the Ecumenical Temple.
  3936 | Temple   | Entered the Ecumenical Temple
  4040 | D:6      | Reached skill level 7 in Axes
  4371 | D:6      | Found an iron altar of Okawaru.
  4424 | D:6      | Reached XP level 8. HP: 67/71 MP: 8/8
  4593 | D:2      | Bought a runed broad axe for 168 gold pieces
  4736 | D:6      | Found a glowing silver altar of Zin.
  4737 | D:6      | Found Zin's Purification Station.
  4959 | D:6      | Reached skill level 8 in Axes
  5479 | D:7      | Reached skill level 1 in Shields
  6287 | D:8      | Reached XP level 9. HP: 31/81 MP: 9/9
  6588 | D:8      | Noticed a troll
  6613 | D:8      | Killed a troll
  6879 | D:8      | Noticed Maurice
  6900 | D:8      | Maurice changed into Maurice the sky beast
  6900 | D:8      | Noticed Maurice
  6912 | D:8      | Killed Maurice the sky beast
  6913 | D:8      | Reached skill level 9 in Axes
  7089 | D:8      | Reached skill level 5 in Shields
  7287 | D:9      | Noticed a two-headed ogre
  7300 | D:9      | Killed a two-headed ogre
  7301 | D:9      | Reached XP level 10. HP: 90/90 MP: 10/10
  7510 | D:9      | Found a staircase to the Orcish Mines.
  7855 | D:9      | Found a shadowy altar of Dithmenos.
  7943 | D:9      | Found a staircase to the Lair.
  7951 | D:9      | Reached skill level 10 in Axes
  7952 | D:9      | HP: 1/91 [troll (11)]
  7952 | D:9      | Slain by a troll

Illustrated notes

Levels and vault maps discovered:
D:1:      psy_arrival_whirlpool, layout_basic, nicolae_kite_square_tiling_tiny
D:2:      layout_rooms, hellmonk_ecumenical_altar_arch_garden, serial_shops,
          nicolae_shop_window_shopping, uniq_crazy_yiuf_cottage
D:3:      layout_loops_corners, mainiacjoe_overflow_24_doors
D:4:      layout_cave_pools, serial_co_window_serial, co_window_paths_b,
          co_window_paths_a, co_window_corner_a, co_window_cross_1,
          co_window_corner_a, co_window_corner_a, co_window_paths_c,
          co_window_broadway_b, co_window_of_opportunity_b, co_window_corner_cb,
          co_window_4corner_b, glass_columns_a, glass_columns_a,
          glass_columns_a, glass_columns_c, portal_sewer_entry_c
D:5:      layout_basic, grunt_temple_overflow_open, temple_hall,
          uniq_blork_the_orc
D:6:      layout_layer_cave, okawaru_trees_1, zin_purify,
          serial_co_window_serial, co_window_corner_a,
          co_window_of_opportunity_a, co_window_of_opportunity_a,
          co_window_corner_a, co_window_corner_a, co_window_corner_a,
          co_window_corner_a, co_window_of_opportunity_b, co_window_corner_ca,
          co_window_corner_b, co_window_of_opportunity_c, co_window_corner_b,
          co_window_paths_e, glass_columns_b, glass_columns_a, glass_columns_b,
          glass_columns_a, glass_columns_b, chequers_serial_rivers_micro_e
D:7:      layout_rooms
D:8:      layout_rooms, uniq_maurice
D:9:      layout_cave_pods, general_overflow_altar, erik_lair_island,
          orc_0_dummy, serial_park, serial_park_gazebo
          [serial_park_minivault_5x5_6], serial_park_square2,
          serial_park_tiny_1, hangedman_incinerator
Temple:   pf_temple_reverse_labyrinth

Skill      XL: |  1  2  3  4  5  6  7  8  9 10 |
---------------+-------------------------------+-----
Armour         | 1 2 3 4 5 6 8 |  8.3
Axes           | 4 5 6 7 8 9 10 | 10.0
Fighting       | 4 5 6 7 8 9 |  9.2
Shields        | 3 6 7 |  7.4
Dodging        | |  2.1

Action                     |  1- 3 |  4- 6 |  7- 9 | 10-12 || total
---------------------------+-------+-------+-------+-------++-------
  Melee: Hand axe          |   108 |   210 |   162 |       ||   480
         Broad axe         |       |       |   105 |    24 ||   129
  Throw: Boomerang         |       |       |     1 |       ||     1
  Evoke: Wand              |       |       |    19 |     1 ||    20
    Use: Scroll            |       |     6 |     6 |     1 ||    13
         Potion            |       |       |       |     1 ||     1
 Armour: Robe              |     8 |       |       |       ||     8
         Chain mail        |    88 |   194 |   313 |       ||   595
         Plate armour      |       |       |    32 |    70 ||   102
  Dodge: Dodged            |    46 |    90 |   103 |    16 ||   255
  Block: Tower shield      |       |       |    28 |       ||    28

Table legend: (Time is in decaauts)
 A = Elapsed time spent in this place.
 B = Non-inter-level travel time spent in this place.
 C = Inter-level travel time spent in this place.
 D = Time resting spent in this place.
 E = Time spent auto-exploring this place.
 F = Levels seen in this place.
 G = Mean time per level.
                   A        B        C        D        E       F      G
               +--------+--------+--------+--------+--------+-----+--------+
         Total |   8010 |   7482 |    528 |   1700 |   4160 |  11 |  728.2 |
       Dungeon |   7899 |   7371 |    528 |   1700 |   4112 |   9 |  877.7 |
        Temple |      1 |      1 |      0 |      0 |      0 |   1 |    1.0 |
         Sewer |    108 |    108 |      0 |      0 |     47 |   1 |  108.0 |
               +--------+--------+--------+--------+--------+-----+--------+

Top non-repeatable levels by time:
     D:8: 1424 daAuts
     D:6: 1294 daAuts
     D:3: 1055 daAuts
     D:5: 968 daAuts
     D:7: 725 daAuts
     D:4: 713 daAuts
     D:2: 689 daAuts
     D:1: 612 daAuts
     D:9: 415 daAuts
   Sewer: 108 daAuts
  Temple: 1 daAuts
